 Dungeon Crawl Stone Soup version 0.30-a0-2-gf48d83f5e2 (webtiles) character file.

Game seed: 6531630315075422426

12767 SkeletonJelly the Spear-Bearer (level 11, -29/92 HPs)
             Began as a Merfolk Monk on Aug 20, 2022.
             Was a High Priest of Okawaru.
             Annihilated by Erolcha
             ... wielding a +0 giant spiked club
              (35 damage)
             ... in the Arena.
             The game lasted 00:18:34 (10584 turns).

SkeletonJelly the Spear-Bearer (Merfolk Monk)      Turns: 10584, Time: 00:18:35

Health: -29/92     AC: 12    Str: 22    XL:     11   Next: 98%
Magic:  10/14      EV: 16    Int:  9    God:    Okawaru [*****.]
Gold:   382        SH:  0    Dex: 23    Spells: 10/10 levels left

rFire   . . .      SeeInvis .    p - +0 trident
rCold   . . .      Faith    .    E - +1 kite shield
rNeg    . . .      Spirit   .    o - +0 scale mail
rPois   .          Reflect  +    D - +0 helmet
rElec   .          Harm     .    q - +0 cloak
rCorr   .          Rampage  .    (no gloves)
Will    .....                    (no boots)
Stlth   ..........               h - amulet of reflection
HPRegen 0.25/turn                i - +6 ring of strength
MPRegen 0.14/turn                C - +6 ring of dexterity

@: confused, heroic, ambrosia-drunk, duelling
A: (nimble swimmer 2), mertail
a: Renounce Religion, Heroism, Finesse, Duel


You were in the Arena.
You worshipped Okawaru.
Okawaru was extremely pleased with you.
You visited 1 branch of the dungeon, and saw 9 of its levels.
You also visited: Bailey.

You collected 382 gold pieces.

Inventory:

Hand Weapons
 a - a +0 spear
 p - a +0 trident (weapon)
 x - the +11 battleaxe of Vohoptoi {freeze, rPois Will+}
   (You found it in a bailey)

   It freezes those it strikes, dealing additional cold damage.
   It can also slow down cold-blooded creatures.
   rPois:     It protects you from poison.
   Will:      It increases your willpower.
 A - a +1 antimagic war axe
Missiles
 z - 18 poisoned darts (quivered)
 H - a curare-tipped dart
Armour
 b - a +0 robe
 o - a +0 scale mail (worn)
 q - a +0 cloak (worn)
 s - an orb of mayhem
 D - a +0 helmet (worn)
 E - a +1 kite shield (worn)
 N - +0 steam dragon scales
Jewellery
 h - an amulet of reflection (around neck)
 i - a +6 ring of strength (left hand)
 u - a ring of resist corrosion
 y - an amulet of faith
 C - a +6 ring of dexterity (right hand)
 F - an amulet of guardian spirit
Wands
 L - a wand of flame (16)
Scrolls
 e - a scroll of enchant armour
 j - 2 scrolls of vulnerability
 k - a scroll of poison {unknown}
 l - a scroll of teleportation
 m - a scroll of torment
 n - a scroll of magic mapping
 v - 2 scrolls of enchant weapon {unknown}
 G - a scroll of immolation {unknown}
 I - 5 scrolls of blinking {unknown}
 M - a scroll of summoning {unknown}
 Q - a scroll of butterflies {unknown}
 S - a scroll of acquirement {unknown}
 U - 2 scrolls of fear {unknown}
Potions
 c - a potion of ambrosia
 d - 2 potions of degeneration
 f - 2 potions of attraction
 g - 5 potions of mutation {unknown}
 r - 2 potions of lignification
 t - 3 potions of resistance
 w - 3 potions of heal wounds {unknown}
 B - 3 potions of flight
 J - 2 potions of might {unknown}
 K - a potion of curing
 O - a potion of brilliance {unknown}
 R - a potion of cancellation {unknown}
 T - a potion of invisibility {unknown}
Miscellaneous
 P - a phial of floods (inert)


   Skills:
 + Level 10.7(15.7) Fighting
 - Level 14.0(19.0) Polearms
 - Level 6.9(11.9) Armour
 - Level 4.0(9.0) Dodging
 - Level 2.1(7.1) Stealth
 - Level 7.0(12.0) Shields
 * Level 4.9 Invocations


You had 10 spell levels left.
You didn't know any spells.
Your spell library contained the following spells:

 Spells                   Type           Power      Damage    Failure   Level
 Static Discharge         Conj/Air       0%         3-3/arc   95%         2
 Conjure Flame            Conj/Fire      0%         6-21      99%         3
 Dazzling Flash           Conj/Hex       0%         N/A       99%         3
 Ignite Poison            Fire/Tmut/Pois 0%         N/A       99%         3
 Portal Projectile        Hex/Tloc       0%         N/A       99%         3
 Dispel Undead            Necr           0%         3d6       100%        4
 Sticky Flame             Conj/Fire      0%         2d3       100%        4
 Agony                    Necr           0%         N/A       100%        5
 Blade Hands              Tmut           0%         N/A       100%        5
 Silence                  Hex/Air        0%         N/A       100%        5
 Tukima's Dance           Hex            Unusable   N/A       N/A         3

Dungeon Overview and Level Annotations

Branches:
Dungeon (9/15)             Temple (0/1) D:6          Bailey (visited)
   Lair: D:8-11         Orc: D:9-12

Altars:
Cheibriados
Nemelex Xobeh
Okawaru
Ru
Trog
Xom

Shops:
D:9 *

Annotations:
Arena Erolcha


Innate Abilities, Weirdness & Mutations

((You are very nimble when in or above water. (Stealth+, EV+, Speed+++)))
Your lower body shifts to a powerful aquatic tail in water.


Message History

Erolcha blinks!
You completely miss the yak.
The yak is almost dead.
You barely miss the yak.
The yak is almost dead.
The yak closely misses you.
You puncture the yak!
You kill the yak!
Okawaru accepts your kill.
The kobold brigand throws a poisoned dart.
You reflect the poisoned dart off an invisible shield around you!
The poisoned dart hits the kobold brigand!
The kobold brigand is poisoned.
You reach to attack!
You puncture the kobold brigand!
The kobold brigand is moderately wounded.
You reach to attack!
You puncture the kobold brigand!
The kobold brigand is severely wounded.
You hit the kobold brigand.
You kill the kobold brigand!
Okawaru accepts your kill.
You hit the yak.
The yak is lightly wounded.
You block the yak's attack.
You barely miss the yak.
The yak is lightly wounded.
The yak gores you but does no damage.
You puncture the yak!
The yak is moderately wounded.
You hit the yak but do no damage.
The yak is moderately wounded.
The yak gores you but does no damage.
You puncture the yak!
The yak is severely wounded.
The yak gores you but does no damage.
Erolcha hits you with a +0 giant spiked club!!
You take 22 damage, and have 40/92 hp.
MASSIVE DAMAGE!!
You are too injured to fight recklessly!
You are too injured to fight recklessly!
You are too injured to fight recklessly!
You are too injured to fight recklessly!
You are too injured to fight recklessly!
You are too injured to fight recklessly!
You are too injured to fight recklessly!
You are too injured to fight recklessly!
You are too injured to fight recklessly!
You are too injured to fight recklessly!
You are too injured to fight recklessly!
You are too injured to fight recklessly!
You are too injured to fight recklessly!
You are too injured to fight recklessly!
You are too injured to fight recklessly!
You are too injured to fight recklessly!
Aiming: Duel (61% risk of failure)
Press: ? - help, Dir - move target, f - Erolcha
Aim: Erolcha, wielding a +0 giant spiked club and wearing a +0 robe You enter into single combat with Erolcha!
The world spins around you as you enter the gateway.
You enter Okawaru's Arena!
The spectator shouts! x12
Found a gate leading back out of this place.
There is an empty arch of ancient stone here.
You now have 7/14 mp.
You gain the combat prowess of a mighty hero.
You block Erolcha's attack.
You now have 5/14 mp.
You fail to use your ability.
You block Erolcha's attack.
You hit Erolcha but do no damage. You puncture Erolcha!
Erolcha is lightly wounded.
You block Erolcha's attack.
You puncture Erolcha!
Erolcha is heavily wounded.
You barely miss Erolcha.
Erolcha is heavily wounded.
You puncture Erolcha!
Erolcha is severely wounded.
Erolcha mumbles some strange words.
Erolcha blinks!
You block Erolcha's attack.
You hit Erolcha.
Erolcha is severely wounded.
You hit Erolcha but do no damage.
Erolcha is severely wounded.
Erolcha gestures wildly while chanting.
Erolcha flickers and vanishes!
Deactivating autopickup; reactivate with Ctrl-A.
You puncture something! Something hits you!
* * * LOW HITPOINT WARNING * * *
You take 17 damage, and have 26/92 hp.
You hit something. You hit something but do no damage. Something hits you!!
* * * LOW HITPOINT WARNING * * *
You take 23 damage, and have 3/92 hp.
MASSIVE DAMAGE!!
You barely miss something.
Okay, then.
Unknown command.
You are confused.
You feel invigorated. Something hits you!!
You die...
Okawaru crowns Erolcha victorious!

###########
#...pppp..#
#.▓▓▓▓▓▓▓.#
#.▓.....▓p#
#p▓.....▓p#
#p▓..{@.▓p#
#p▓.....▓p#
#p▓.....▓p#
#.▓▓▓▓▓▓▓.#
#..p▓∩▓p..#
###########


There were no monsters in sight!

Vanquished Creatures
  An orc warlord (Bailey)
  2 two-headed ogres (D:8)
  Prince Ribbit (D:8)
  A wraith (D:9)
  9 yaks
  A steam dragon (D:8)
  2 water moccasins
  An ice beast (D:8)
  4 orc warriors
  A sky beast (D:7)
  3 black bears
  A centaur (D:7)
  An ogre (D:6)
  3 kobold brigands
  3 necrophages (D:5)
  4 scorpions
  4 bullfrogs
  4 killer bees (D:8)
  A hound (D:7)
  5 orc priests
  A gnoll bouda (D:8)
  5 iguanas
  11 orc wizards
  8 gnolls
  3 adders
  2 shadow imps
  2 white imps (D:5)
  5 worms
  4 dart slugs
  37 orcs
  9 endoplasms
  2 giant cockroaches
  12 goblins
  5 hobgoblins
  6 quokkas
  5 ball pythons
  2 bats
  2 frilled lizards
  23 kobolds
  23 rats
219 creatures vanquished.

Notes
Turn   | Place    | Note
-------+----------+-------------------------------------------
     0 | D:1      | SkeletonJelly the Merfolk Monk began the quest for the Orb.
     0 | D:1      | Reached XP level 1. HP: 18/18 MP: 1/1
   256 | D:1      | Reached XP level 2. HP: 24/24 MP: 2/2
  1123 | D:2      | Reached skill level 5 in Polearms
  1220 | D:2      | Reached XP level 3. HP: 29/30 MP: 3/3
  1244 | D:2      | Found a sparkling altar of Nemelex Xobeh.
  1663 | D:2      | Found a faded altar of an unknown god.
  2096 | D:3      | Reached XP level 4. HP: 8/37 MP: 4/4
  2096 | D:3      | HP: 1/37 [orc/+0 trident (7)]
  2482 | D:3      | Reached skill level 6 in Polearms
  2907 | D:3      | Reached XP level 5. HP: 29/43 MP: 5/5
  3055 | D:3      | You fall into a shaft and drop 2 floors!
  3055 | D:5      | Entered Level 5 of the Dungeon
  3178 | D:5      | Reached skill level 7 in Polearms
  3557 | D:5      | Reached XP level 6. HP: 31/50 MP: 6/6
  4130 | D:4      | Reached skill level 5 in Fighting
  4327 | D:4      | Reached skill level 8 in Polearms
  4581 | D:4      | Found a faded altar of an unknown god.
  4581 | D:4      | Found an iron altar of Okawaru.
  4589 | D:4      | Found a faded altar of an unknown god.
  4592 | D:4      | Found a sacrificial altar of Ru.
  4594 | D:4      | Found a sparkling altar of Nemelex Xobeh.
  4606 | D:4      | Became a worshipper of Warmaster Okawaru
  4606 | D:4      | Reached * piety under Okawaru
  4606 | D:4      | Reached ** piety under Okawaru
  4938 | D:5      | Reached XP level 7. HP: 46/56 MP: 7/7
  5022 | D:5      | Reached skill level 9 in Polearms
  5502 | D:6      | Reached skill level 10 in Polearms
  5502 | D:6      | Reached XP level 8. HP: 34/65 MP: 5/8
  5685 | D:6      | Found a staircase to the Ecumenical Temple.
  5850 | D:6      | Reached skill level 1 in Shields
  5935 | D:6      | Reached *** piety under Okawaru
  6297 | D:6      | Reached skill level 5 in Shields
  6587 | D:7      | Reached XP level 9. HP: 24/71 MP: 9/9
  6810 | D:7      | Found a shimmering altar of Xom.
  7116 | D:7      | Found a bloodstained altar of Trog.
  7267 | D:8      | Noticed a two-headed ogre
  7284 | D:8      | Killed a two-headed ogre
  7284 | D:8      | Reached **** piety under Okawaru
  7285 | D:8      | Reached skill level 11 in Polearms
  7305 | D:8      | Found a snail-covered altar of Cheibriados.
  7415 | D:8      | Noticed a two-headed ogre
  7430 | D:8      | Killed a two-headed ogre
  7431 | D:8      | Reached skill level 12 in Polearms
  7656 | D:8      | Reached skill level 13 in Polearms
  7656 | D:8      | Reached XP level 10. HP: 71/80 MP: 10/10
  8034 | D:8      | Noticed Prince Ribbit
  8082 | D:8      | Reached ***** piety under Okawaru
  8297 | D:8      | Reached skill level 14 in Polearms
  8890 | D:8      | Killed Prince Ribbit
  9253 | D:9      | Noticed Erolcha
  9411 | D:9      | Found Byli's General Store.
  9424 | D:9      | Noticed a two-headed ogre
  9498 | D:9      | Found a flagged portal.
  9516 | Bailey   | Entered a bailey
  9521 | Bailey   | Noticed an orc warlord
  9597 | Bailey   | Reached skill level 10 in Fighting
  9654 | Bailey   | Found a runed translucent gate.
  9657 | Bailey   | Found a runed translucent gate.
  9659 | Bailey   | Found a runed translucent gate.
  9817 | Bailey   | Killed an orc warlord
  9826 | Bailey   | Identified the +11 battleaxe of Vohoptoi {freeze, rPois
                  | Will+}
  9843 | Bailey   | Reached XP level 11. HP: 59/92 MP: 11/13
 10553 | D:9      | Noticed a two-headed ogre
 10567 | Arena    | Entered the Arena
 10582 | Arena    | HP: 3/92 [something (24)]
 10584 | Arena    | Annihilated by Erolcha

Illustrated notes

Levels and vault maps discovered:
D:1:      lightli_arrival_maybe_door_vault, layout_basic
D:2:      layout_basic, nicolae_ecumenical_lake_church, basic_altar,
          minmay_rat_hole
D:3:      layout_loops_cross
D:4:      layout_cave_pools, chequers_temple_overflow_minitemple, st_stairs_2,
          kennysheep_potato
D:5:      layout_rooms, grunt_decor_resistance
D:6:      layout_gridville, minmay_temple_entry_drinking_statues,
          chequers_serial_rivers_micro_b
D:7:      layout_rooms, mainiacjoe_overflow_small_starburst,
          trog_three_pillars_becter
D:8:      layout_basic, kennysheep_slug_shrine, uniq_prince_ribbit1
D:9:      minmay_general_purpose_star, layout_irregular_city, enter_bailey_3,
          serial_shops, nicolae_shop_trees, uniq_erolcha
Arena

Skill      XL: |  1  2  3  4  5  6  7  8  9 10 11 |
---------------+----------------------------------+-----
Polearms       | 5 6 7 8 10 13 14 | 14.0
Fighting       | 4 5 6 8 10 | 10.7
Shields        | 6 7 |  7.0
Invocations    | 3 4 |  4.9
Armour         | 6 |  6.9
Dodging        | |  4.0
Stealth        | |  2.1

Action                   |  1- 3 |  4- 6 |  7- 9 | 10-12 || total
-------------------------+-------+-------+-------+-------++-------
Melee: Spear             |   137 |     3 |       |       ||   140
       Trident           |       |   199 |   312 |   359 ||   870
       Punch             |       |     4 |       |       ||     4
Throw: Dart              |       |       |       |     1 ||     1
Invok: Heroism           |       |       |     6 |     6 ||    12
       Duel              |       |       |       |     1 ||     1
Evoke: Phial of floods   |       |       |       |     1 ||     1
  Use: Potion            |       |     1 |     1 |     2 ||     4
       Scroll            |       |       |       |    10 ||    10
 Stab: Sleeping          |    10 |       |     2 |       ||    12
Armor: Robe              |     6 |       |       |       ||     6
       Scale mail        |     3 |    46 |    99 |    35 ||   183
Dodge: Dodged            |    38 |    68 |   113 |    36 ||   255
Block: Other             |    14 |    33 |    18 |       ||    65
       Reflection        |       |     3 |     4 |     6 ||    13
       Kite shield       |       |       |   164 |   194 ||   358

Table legend: (Time is in decaauts)
 A = Elapsed time spent in this place.
 B = Non-inter-level travel time spent in this place.
 C = Inter-level travel time spent in this place.
 D = Time resting spent in this place.
 E = Time spent auto-exploring this place.
 F = Levels seen in this place.
 G = Mean time per level.
                   A        B        C        D        E       F      G
               +--------+--------+--------+--------+--------+-----+--------+
         Total |  10379 |  10017 |    362 |      0 |   8144 |  11 |  943.5 |
       Dungeon |   9940 |   9578 |    362 |      0 |   7861 |   9 | 1104.4 |
        Bailey |    425 |    425 |      0 |      0 |    283 |   1 |  425.0 |
         Arena |     13 |     13 |      0 |      0 |      0 |   1 |   13.0 |
               +--------+--------+--------+--------+--------+-----+--------+

Top non-repeatable levels by time:
     D:8: 1834 daAuts
     D:2: 1367 daAuts
     D:5: 1205 daAuts
     D:6: 1022 daAuts
     D:1: 1002 daAuts
     D:3: 932 daAuts
     D:4: 914 daAuts
     D:7: 881 daAuts
     D:9: 779 daAuts
  Bailey: 425 daAuts
   Arena: 13 daAuts
